 Dungeon Crawl Stone Soup version 0.15.0-22-g71df38d (console) character file.

20 gw the Chucker (level 2, 0/31 HPs)
             Began as an Ogre Hunter on Sept 8, 2014.
             Slain by an adder (3 damage)
             ... on Level 2 of the Dungeon.
             The game lasted 00:00:24 (1145 turns).

gw the Chucker (Ogre Hunter)                        Turns: 1145, Time: 00:00:24

HP   0/31        AC  3     Str 16      XL: 2   Next: 79%
MP   2/2         EV 10     Int 10      God:
Gold 0           SH  0     Dex 10      Spells:  0 memorised,  1 level left

rFire  . . .     SeeInvis .     g - +0 mace
rCold  . . .     Clarity  .     d - +0 animal skin
rNeg   . . .     rCorr    .     (shield restricted)
rPois  .         rRot     .     (helmet restricted)
rElec  .         Spirit   .     (no cloak)
SustAb +         Warding  .     (gloves unavailable)
rMut   .         Stasis   .     (boots unavailable)
Gourm  .                        (no amulet)
MR     .....                    (no ring)
                                a - ring of sustain abilities

@: lethally poisoned, not resistant to hostile enchantments, very unstealthy
A: unfitting armour, tough skin 1
a: no special abilities


You were on level 2 of the Dungeon.
You were hungry.

You visited 1 branch of the dungeon, and saw 2 of its levels.

Inventory:

Hand weapons
 g - a +0 mace (weapon)
Missiles
 b - a large rock (quivered)
 c - 2 throwing nets
 h - 5 stones
Armour
 d - a +0 animal skin (worn)
Comestibles
 f - a meat ration
Jewellery
 a - a ring of sustain abilities (left hand)


   Skills:
 + Level 3.1 Fighting
 + Level 2.0 Maces & Flails
 * Level 4.7 Throwing
 + Level 2.0 Dodging
 - Level 0.7 Stealth


You had one spell level left.
You didn't know any spells.

Dungeon Overview and Level Annotations

Branches:
Dungeon (2/15)

Altars:


Innate Abilities, Weirdness & Mutations

You are too large for most types of armour.
You have tough skin (AC +1).


Message History

You closely miss the adder.
The adder is heavily wounded.
You feel sick. The adder barely misses you. The adder bites you.
You are more poisoned.
The adder poisons you!
ATTACKING (0,1)
You closely miss the adder.
The adder is heavily wounded.
You feel sick. The adder bites you.
You are more poisoned.
The adder poisons you! The adder closely misses you.
ATTACKING (0,1)
You hit the adder but do no damage.
The adder is heavily wounded.
You feel sick. The adder closely misses you.
ATTACKING (0,1)
You barely miss the adder.
The adder is heavily wounded.
You feel sick. The adder bites you.
You die...

# ## ##. .. .. .#
#.###.# ..... ...
#.####..... #O#..
.#...# #. #S#.##.....#
..#.###g#...#.#..#.#
....................#
....#...#........#
..!...............####
....#.......<........
.................###.
..###..#.(.....#....


You could see an adder and a hobgoblin.

Table legend:
 A = Turns spent in this place as a percentage of turns spent in the entire game.
 B = Non-inter-level travel turns spent in this place as a percentage of non-inter-level travel turns spent in the entire game.
 C = Inter-level travel turns spent in this place as a percentage of turns spent in this place.
 D = Turns resting spent in this place as a percentage of non-inter-level travel turns spent in this place.
 E = Turns spent auto-exploring this place as a percentage of non-inter-level travel turns spent in this place.
 F = Non-inter-level travel turns spent in this place divided by the number of levels of this place that you've seen.
                   A       B       C       D       E      F
               +-------+-------+-------+-------+-------+----------------------
         Total | 100.0 | 100.0 |   0.5 |   4.4 |  18.2 |  90.5
       Dungeon | 100.0 | 100.0 |   0.5 |   4.4 |  18.2 |  90.5
               +-------+-------+-------+-------+-------+----------------------

Table legend:
 A = Kills in this place as a percentage of kills in entire the game.
 B = Kills by you in this place as a percentage of kills by you in the entire game.
 C = Kills by friends in this place as a percentage of kills by friends in the entire game.
 D = Other kills in this place as a percentage of other kills in the entire game.
 E = Experience gained in this place as a percentage of experience gained in the entire game.
 F = Experience gained in this place divided by the number of levels of this place that you have seen.
                   A       B       C       D       E      F
               +-------+-------+-------+-------+-------+----------------------
         Total | 100.0 | 100.0 |  -nan |  -nan | 100.0 |  14.5
       Dungeon | 100.0 | 100.0 |  -nan |  -nan | 100.0 |  14.5
               +-------+-------+-------+-------+-------+----------------------

Vanquished Creatures
  3 goblins (D:1)
  5 hobgoblins (D:1)
  4 bats (D:1)
  A giant cockroach (D:1)
  3 kobolds (D:1)
  A rat (D:1)
17 creatures vanquished.

Notes
Turn   | Place    | Note
--------------------------------------------------------------
     0 | D:1      | gw, the Ogre Hunter, began the quest for the Orb.
     0 | D:1      | Reached XP level 1. HP: 22/22 MP: 1/1
   409 | D:1      | Reached XP level 2. HP: 31/31 MP: 2/2
  1145 | D:2      | Slain by an adder

Action                   || total
-------------------------++-------
Melee: Club              ||     8
       Mace              ||    24
Throw: Large rock        ||    33
  Use: Scroll            ||     1

Vault maps used:
D:1:      dpeg_arrival_rooms_a
D:2:      first_bread, nicolae_qazlal_style_of_elements
